Map: Incorporeal LE

Players

SubN

  • Race: Zerg Zerg
  • League: Diamond
  • Spawn Location: 11:00

OOOOOO - Winner!

  • Race: Terran Terran
  • League: Diamond
  • Spawn Location: 5:00

VOD

Have the link to the VOD?

Description

Time

  • Played on: July 31, 2025, 1:38 p.m.
  • Length: 10:10
Show
View Real Time Build Order
Export as new Build Order

SubN Zerg 

Build Orders: Hatch First 

Get SALT Encoding   

  12  0:00  Drone  
  13  0:15  Drone  
  13  0:18  Drone, Extractor  
  15  0:36  Hatchery  
  14  0:43  Overlord  
  14  1:01  Drone x3  
  17  1:12  Drone  
  17  1:15  Extractor  
  17  1:17  Spawning Pool  
  16  1:23  Drone  
  17  1:33  Drone  
  18  1:44  Drone  
  19  2:11  Zergling x6  
  19  2:13  Queen x2  
  26  2:21  Overlord  
  26  2:31  Extractor  
  26  2:48  Drone x6  
  32  2:55  Metabolic Boost  
  32  3:06  Drone x2  
  34  3:15  Hatchery  
  33  3:20  Queen  
  35  3:40  Overlord  
  35  3:44  Overlord  
  35  3:46  Overlord  
  35  3:49  Drone  
  35  3:55  Baneling Nest  
  35  3:56  Drone  
  35  3:58  Overlord, Queen  
  35  4:01  Drone x5  
  35  4:02  Drone  
  44  4:09  Queen  
  44  4:15  Drone x3  
  49  4:17  Drone  
  50  4:25  Drone  
  50  4:26  Drone  
  50  4:27  Overlord  
  50  4:28  Overlord  
  52  4:37  Spine Crawler  
  51  4:39  Spine Crawler  
  51  4:42  Spine Crawler  
  47  4:46  Zergling x2  
  47  4:47  Zergling x6  
  47  4:48  Zergling x2  
  45  5:11  Zergling x2  
  45  5:12  Zergling x20  
  56  5:16  Baneling x2  
  56  5:17  Baneling x2  
  56  5:18  Baneling x2  
  56  5:31  Zergling x8  
  56  5:34  Baneling  
  60  5:38  Queen  
  44  6:19  Drone x11  
  44  6:20  Drone x5  
  60  6:48  Lair  
  60  6:50  Drone  
  61  6:55  Drone x2  
  61  6:56  Drone x14  
  61  6:59  Extractor  
  61  7:00  Extractor  
  61  7:01  Hatchery  
  74  7:04  Evolution Chamber  
  73  7:12  Extractor  
  73  7:13  Extractor  
  71  7:29  Drone x3  
  74  7:30  Drone x2  
  74  7:31  Drone  
  77  7:48  Overseer  
  77  7:49  Hydralisk Den  
  77  7:50  Overlord  
  76  7:54  Zerg Missile Weapons Level 1  
  76  8:01  Overseer  
  76  8:06  Drone x5  
  76  8:08  Overlord x5  
  76  8:11  Centrifugal Hooks  
  81  8:15  Extractor  
  81  8:16  Drone  
  81  8:17  Drone  
  81  8:18  Grooved Spines  
  81  8:19  Hydralisk  
  82  8:20  Hydralisk x2  
  82  8:25  Drone x7  
  95  8:30  Extractor  
  95  8:31  Drone x3  
  95  8:32  Extractor  
  95  8:34  Queen  
  96  8:35  Overlord x2  
  96  8:40  Spore Crawler  
  97  8:41  Drone x2  
  97  8:44  Spore Crawler  
  97  8:46  Zergling x2  
  97  8:47  Zergling x6  
  102  8:52  Zergling x10  
  102  8:54  Baneling x5  
  107  8:57  Zergling x4  
  107  9:00  Hydralisk  
  111  9:06  Baneling x2  
  111  9:08  Baneling x5  
  111  9:09  Zergling x2  
  115  9:10  Zergling x6  
  115  9:14  Overseer  
  115  9:16  Zergling x2  
  116  9:17  Zergling x2  
  105  9:41  Hydralisk  
  105  9:42  Hydralisk x11  
  107  10:05  Spore Crawler  
  107  10:06  Spore Crawler  
Show
View Real Time Build Order
Export as new Build Order

OOOOOO Terran - Winner!

Build Orders: 2 Factory 

Get SALT Encoding   

  12  0:00  SCV  
  13  0:12  SCV  
  14  0:17  Supply Depot  
  14  0:24  SCV  
  15  0:39  SCV  
  15  0:41  Barracks  
  16  0:47  Refinery  
  16  0:51  SCV  
  17  1:03  SCV  
  18  1:15  SCV  
  19  1:27  SCV  
  19  1:30  Reaper  
  21  1:35  Command Center  
  21  1:41  Bunker  
  21  1:51  Orbital Command  
  21  2:01  Supply Depot  
  21  2:12  Barracks Reactor  
  21  2:15  Refinery  
  21  2:20  SCV  
  22  2:27  Factory  
  22  2:50  SCV  
  23  2:53  Marine  
  23  2:54  Marine  
  23  2:57  Orbital Command  
  23  2:58  Factory  
  25  3:05  SCV  
  26  3:23  Hellion  
  26  3:24  Hellion, Barracks Tech Lab  
  26  3:26  SCV  
  31  3:36  SCV  
  31  3:38  SCV  
  35  3:41  Hellion  
  35  3:45  Hellion  
  37  3:48  SCV  
  37  3:50  Starport  
  37  3:53  Hellion, SCV  
  41  4:00  Supply Depot  
  41  4:03  Barracks  
  41  4:09  Supply Depot  
  41  4:14  SCV  
  41  4:15  SCV  
  43  4:22  Refinery  
  43  4:24  Refinery  
  43  4:26  SCV  
  43  4:27  SCV  
  43  4:30  Marine  
  46  4:38  Fusion Core  
  46  4:40  SCV  
  46  4:44  SCV  
  48  4:53  SCV  
  43  5:07  Hellion x2  
  43  5:08  Widow Mine  
  43  5:13  Bunker  
  45  5:25  Weapon Refit  
  45  5:26  Battlecruiser  
  51  5:32  Starport  
  51  5:49  SCV x2  
  53  5:52  Supply Depot  
  53  5:54  Supply Depot  
  46  6:14  SCV  
  47  6:19  Barracks  
  47  6:26  Marine x2  
  47  6:29  Hellion  
  47  6:30  Hellion, Widow Mine  
  47  6:31  Battlecruiser  
  61  6:43  Marine  
  61  6:46  Bunker  
  62  6:50  Armory  
  62  6:51  Starport Tech Lab, Armory  
  62  6:55  Supply Depot  
  62  7:05  Factory Tech Lab  
  62  7:17  Supply Depot, Marine  
  62  7:22  Marine x2  
  65  7:32  SCV x2  
  65  7:35  Marine  
  68  7:39  Battlecruiser  
  68  7:40  Command Center, Marine  
  68  7:41  Supply Depot  
  75  7:44  SCV x2  
  75  7:48  Terran Vehicle Weapons Level 1, Terran Vehicle And Ship Armor Level 1  
  77  7:53  Supply Depot  
  77  7:56  SCV  
  78  8:03  SCV, Widow Mine x2  
  78  8:04  Supply Depot  
  83  8:07  Barracks Tech Lab  
  83  8:08  SCV  
  84  8:12  Supply Depot  
  84  8:16  Supply Depot, Marine x2  
  84  8:18  Widow Mine  
  88  8:20  SCV  
  88  8:21  SCV  
  90  8:28  Supply Depot  
  90  8:32  SCV  
  90  8:33  SCV  
  92  8:34  Marine  
  92  8:40  Supply Depot  
  93  8:44  Refinery, Marine, SCV  
  93  8:45  Marine  
  93  8:47  Widow Mine x3  
  102  8:50  Supply Depot  
  102  8:52  Marine  
  103  8:58  Engineering Bay  
  103  9:02  Supply Depot, Marine  
  104  9:03  Marine  
  104  9:08  Widow Mine x2  
  104  9:09  Marine  
  110  9:20  Marine  
  110  9:21  Marine  
  112  9:27  Marine  
  90  9:37  Marine  
  101  9:39  Marine  
  101  9:45  Marine  
Tags
 
Add a new tag
Caveats
  • Supply blocks, unpowered buildings, or Contaminate may cause inaccurate times.
  • Supply counts are checked every 10 seconds.